 Dungeon Crawl Stone Soup version 0.22-a0-40-g3d2f077 (webtiles) character file.

103 tidbits the Grave Robber (level 4, -4/32 HPs)
             Began as a Gnoll Necromancer on Jan 4, 2018.
             Slain by a bullfrog (8 damage)
             ... on level 6 of the Dungeon.
             The game lasted 00:07:47 (1158 turns).

tidbits the Grave Robber (Gnoll Necromancer)        Turns: 1158, Time: 00:07:47

Health: -4/32      AC:  2    Str: 15    XL:     4   Next: 79%
Magic:  1/11       EV: 13    Int: 23    God:
Gold:   122        SH:  3    Dex: 16    Spells: 5/13 levels left

rFire    + . .     SeeInvis .   d - +0 dagger
rCold    + . .     Gourm    .   (no shield)
rNeg     . . .     Faith    .   B - +0 robe
rPois    +         Spirit   .   (no helmet)
rElec    +         Reflect  +   (no cloak)
rCorr    +         Harm     .   (no gloves)
MR       .....                  (no boots)
Stlth    ++........             r - +3 amulet of reflection
HPRegen  0.10/turn              (no ring)
MPRegen  0.12/turn              (no ring)

@: mighty, brilliant, resistant, heavily drained
A: distributed training, fangs 1, strong nose
a: no special abilities


You were on level 6 of the Dungeon.
You were very hungry.

You visited 1 branch of the dungeon, and saw 6 of its levels.

You collected 122 gold pieces.

Inventory:

Hand Weapons
 d - a +0 dagger (weapon)
 g - a +0 short sword
 q - a +0 quarterstaff
 u - a +0 war axe
Missiles
 e - a tomahawk of returning (quivered)
 i - 20 arrows
 A - 6 tomahawks
Armour
 a - a +0 robe
 f - a +0 shield
 B - a +0 robe (worn)
Magical Staves
 x - an uncursed staff of air {unknown}
   (You found it on level 4 of the Dungeon)
Jewellery
 r - a +3 amulet of reflection (around neck)
   (You found it on level 2 of the Dungeon)
 y - an uncursed amulet of harm
   (You found it on level 3 of the Dungeon)
Scrolls
 h - a scroll of remove curse
 j - a scroll of magic mapping {unknown}
 m - a scroll of teleportation
 s - a scroll of amnesia
 w - a scroll of enchant weapon {unknown}
 C - a scroll of random uselessness {unknown}
Potions
 l - a potion of heal wounds {unknown}
 n - a potion of brilliance
 p - a potion of curing {unknown}
 t - a potion of lignification {unknown}
 v - a potion of berserk rage {unknown}
Books
 b - a book of Necromancy

   Spells                             Type                      Level
   a - Pain                           Necromancy                   1
   b - Animate Skeleton               Necromancy                   1
   c - Vampiric Draining              Necromancy                   3
   d - Regeneration                   Charms/Necromancy            3
   e - Animate Dead                   Necromancy                   4
   f - Borgnjor's Vile Clutch         Necromancy/Earth             5
Comestibles
 c - 3 rations


   Skills:
 + Level 1.2(0.0) Fighting
 + Level 1.2(0.0) Short Blades
 + Level 1.2(0.0) Long Blades
 + Level 1.2(0.0) Axes
 + Level 1.2(0.0) Maces & Flails
 + Level 1.2(0.0) Polearms
 + Level 1.2(0.0) Staves
 + Level 1.2(0.0) Slings
 + Level 1.2(0.0) Bows
 + Level 1.2(0.0) Crossbows
 + Level 1.2(0.0) Throwing
 + Level 1.2(0.0) Armour
 + Level 4.7(3.0) Dodging
 + Level 4.3(2.7) Stealth
 + Level 1.2(0.0) Shields
 + Level 1.2(0.0) Unarmed Combat
 + Level 5.1(3.4) Spellcasting
 + Level 1.0(0.0) Conjurations
 + Level 1.0(0.0) Hexes
 + Level 1.0(0.0) Charms
 + Level 1.0(0.0) Summonings
 + Level 7.1(5.4) Necromancy
 + Level 1.0(0.0) Translocations
 + Level 1.0(0.0) Transmutations
 + Level 1.0(0.0) Fire Magic
 + Level 1.0(0.0) Ice Magic
 + Level 1.0(0.0) Air Magic
 + Level 1.0(0.0) Earth Magic
 + Level 1.0(0.0) Poison Magic
 + Level 1.3(0.0) Invocations
 + Level 1.2(0.0) Evocations


You had 5 spell levels left.
You knew the following spells:

 Your Spells              Type           Power        Failure   Level  Hunger
a - Pain                  Necr           ####         1%          1    None
d - Vampiric Draining     Necr           #####.....   1%          3    ###....
n - Animate Skeleton      Necr           N/A          1%          1    None
r - Regeneration          Chrm/Necr      ####......   1%          3    ###....


Dungeon Overview and Level Annotations

Branches:
Dungeon (6/15)
 Temple: D:4-7

Altars:
Elyvilon
Fedhas
Beogh

Annotations:
D:2 Natasha


Innate Abilities, Weirdness & Mutations

Your experience applies equally to all skills.
You have very sharp teeth.
Your uncanny sense of smell can sniff out nearby items.


Message History

Really attack barehanded? [Y]es or [N]o only, please.
Really attack barehanded?
Okay, then.
Wield which item (- for none, * to show all)? (? for menu, Esc to quit)
d - a +0 dagger (weapon)
The helpless leopard gecko fails to defend itself.
You puncture the leopard gecko!
You kill the leopard gecko!
Found 15 gold pieces.
You see here 14 gold pieces.
You now have 107 gold pieces (gained 14).
You see here 15 gold pieces.
You now have 122 gold pieces (gained 15).
There is a stone staircase leading down here.
A leopard gecko skeleton comes into view.
The leopard gecko skeleton moves out of view.
There is a stone staircase leading down here.
You climb downwards.
There is a stone staircase leading up here.
Found a stone staircase leading down.
There is a stone staircase leading down here.
You climb downwards.
There is a stone staircase leading up here.
A bullfrog comes into view.
The bullfrog gives a loud, deep croak!
You hear a shout!
Casting: Pain
Confirm with . or Enter, or press ? or * to list all spells.
Aiming: Pain
Press: ? - help, Shift-Dir - straight line, f - bullfrog
Aim: a bullfrog (chance to defeat MR: 81%)
The bullfrog barely resists.
Casting: Pain
Confirm with . or Enter, or press ? or * to list all spells.
Aiming: Pain
Press: ? - help, Shift-Dir - straight line, f/p - bullfrog
Aim: a bullfrog (chance to defeat MR: 81%)
The bullfrog barely resists.
Okay, then.
Casting: Pain
Confirm with . or Enter, or press ? or * to list all spells.
Aiming: Pain
Press: ? - help, Shift-Dir - straight line, f/p - bullfrog
Aim: a bullfrog (chance to defeat MR: 81%)
The bullfrog writhes in agony!
The bullfrog closely misses you.
Casting: Pain
Confirm with . or Enter, or press ? or * to list all spells.
Aiming: Pain
Press: ? - help, Shift-Dir - straight line, f/p - bullfrog
Aim: a bullfrog (lightly wounded, chance to defeat MR: 81%)
The bullfrog writhes in agony!
The bullfrog barely misses you. The bullfrog misses you.
An orc comes into view. It is wielding a falchion.
Casting: Pain
Confirm with . or Enter, or press ? or * to list all spells.
You don't know that spell.
Adjust (i)tems, (s)pells, or (a)bilities?
Adjust which spell? v - Vampiric Draining Adjust to which letter? d - Vampiric Draining
Casting: Pain
Confirm with . or Enter, or press ? or * to list all spells.
Aiming: Vampiric Draining
Press: ? - help, Shift-Dir - straight line, f/p - bullfrog
Aim: a bullfrog (moderately wounded)
The bullfrog is heavily wounded.
You feel life coursing into your body.
The orc shouts!
The bullfrog hits you!
Casting: Vampiric Draining
Confirm with . or Enter, or press ? or * to list all spells.
Aiming: Vampiric Draining
Press: ? - help, Shift-Dir - straight line, f/p - bullfrog
Aim: a bullfrog (heavily wounded)
The bullfrog is almost dead.
You feel life coursing into your body.
You are feeling very hungry.
The bullfrog hits you. x2
Casting: Vampiric Draining
Confirm with . or Enter, or press ? or * to list all spells.
Aiming: Pain
Press: ? - help, Shift-Dir - straight line, f/p - bullfrog
Aim: a bullfrog (almost dead, chance to defeat MR: 81%)
The bullfrog barely resists.
The bullfrog hits you.
* * * LOW HITPOINT WARNING * * *
A centaur comes into view.
The bullfrog hits you!
* * * LOW HITPOINT WARNING * * *
It was a potion of brilliance.
You feel clever all of a sudden. The bullfrog hits you.
* * * LOW HITPOINT WARNING * * *
It was a potion of might.
You feel very mighty all of a sudden. The bullfrog closely misses you. x2
It was a potion of resistance.
You feel protected. The bullfrog hits you!
You die...

.##########
.......<..#
..........#
#########.#
∆ #@# #F#
#o# .c#
.... c....
.......
........
..........


You could see a bullfrog, a centaur and an orc.

Vanquished Creatures
  A hound (D:4)
  2 adders
  An adder skeleton (D:4)
  3 dart slugs
  2 leopard geckos
  An orc (D:3)
  8 bats
  3 giant cockroaches
  4 goblins
  5 hobgoblins
  A ball python (D:1)
  3 frilled lizards
  7 kobolds
  2 rats
43 creatures vanquished.

Notes
Turn   | Place    | Note
-------+----------+-------------------------------------------
     0 | D:1      | tidbits the Gnoll Necromancer began the quest for the Orb.
     0 | D:1      | Reached XP level 1. HP: 13/13 MP: 6/6
    67 | D:1      | Reached XP level 2. HP: 8/19 MP: 4/7
    70 | D:1      | Learned a level 1 spell: Animate Skeleton
    91 | D:2      | Found a blossoming altar of Fedhas.
   101 | D:2      | Noticed Natasha
   347 | D:2      | HP: 1/20 [hobgoblin/stone (1)]
   348 | D:2      | Reached XP level 3. HP: 2/25 MP: 5/9
   353 | D:2      | Learned a level 3 spell: Regeneration
   358 | D:2      | Learned a level 3 spell: Vampiric Draining
   410 | D:2      | Reached skill level 5 in Spellcasting
   563 | D:3      | Reached skill level 1 in Invocations
   614 | D:2      | Found a white marble altar of Elyvilon.
   726 | D:3      | Found a roughly hewn altar of Beogh.
   793 | D:4      | Reached skill level 1 in Fighting
   793 | D:4      | Reached skill level 1 in Short Blades
   793 | D:4      | Reached skill level 1 in Long Blades
   793 | D:4      | Reached skill level 1 in Axes
   793 | D:4      | Reached skill level 1 in Maces & Flails
   793 | D:4      | Reached skill level 1 in Polearms
   793 | D:4      | Reached skill level 1 in Staves
   793 | D:4      | Reached skill level 1 in Slings
   793 | D:4      | Reached skill level 1 in Bows
   793 | D:4      | Reached skill level 1 in Crossbows
   793 | D:4      | Reached skill level 1 in Throwing
   793 | D:4      | Reached skill level 1 in Armour
   793 | D:4      | Reached skill level 1 in Shields
   793 | D:4      | Reached skill level 1 in Unarmed Combat
   793 | D:4      | Reached skill level 1 in Evocations
   793 | D:4      | Reached XP level 4. HP: 32/32 MP: 11/11
   835 | D:5      | Entered Level 5 of the Dungeon
   946 | D:3      | Reached skill level 1 in Conjurations
   946 | D:3      | Reached skill level 1 in Hexes
   946 | D:3      | Reached skill level 1 in Charms
   946 | D:3      | Reached skill level 1 in Summonings
   946 | D:3      | Reached skill level 1 in Translocations
   946 | D:3      | Reached skill level 1 in Transmutations
   946 | D:3      | Reached skill level 1 in Fire Magic
   946 | D:3      | Reached skill level 1 in Ice Magic
   946 | D:3      | Reached skill level 1 in Air Magic
   946 | D:3      | Reached skill level 1 in Earth Magic
   946 | D:3      | Reached skill level 1 in Poison Magic
  1146 | D:6      | Noticed a bullfrog
  1155 | D:6      | Noticed a centaur
  1156 | D:6      | HP: 3/32 [bullfrog (2)]
  1158 | D:6      | Slain by a bullfrog

Vault maps used:
D:1:      scummos_arrival_hexagon
D:2:      fedhas_altar_3, lemuel_round_altar, elyvilon_altar_3, uniq_natasha
D:3:      overflow_temple_1_default, first_ration, kennysheep_orc_chapel
D:4:      uniq_robin, uniq_duvessa
D:5:      uniq_eustachio
D:6:      lemuel_crystal_altar, basic_altar, trog_butcher_becter

Skill      XL: |  1  2  3  4 |
---------------+-------------+-----
Spellcasting   | 5 |  5.1
Invocations    | 1 |  1.3
Fighting       | 1 |  1.2
Short Blades   | 1 |  1.2
Long Blades    | 1 |  1.2
Axes           | 1 |  1.2
Maces & Flails | 1 |  1.2
Polearms       | 1 |  1.2
Staves         | 1 |  1.2
Slings         | 1 |  1.2
Bows           | 1 |  1.2
Crossbows      | 1 |  1.2
Throwing       | 1 |  1.2
Armour         | 1 |  1.2
Shields        | 1 |  1.2
Unarmed Combat | 1 |  1.2
Evocations     | 1 |  1.2
Conjurations   | 1 |  1.0
Hexes          | 1 |  1.0
Charms         | 1 |  1.0
Summonings     | 1 |  1.0
Translocations | 1 |  1.0
Transmutations | 1 |  1.0
Fire Magic     | 1 |  1.0
Ice Magic      | 1 |  1.0
Air Magic      | 1 |  1.0
Earth Magic    | 1 |  1.0
Poison Magic   | 1 |  1.0
Dodging        | |  4.7
Stealth        | |  4.3
Necromancy     | |  7.1

Action                   |  1- 3 |  4- 6 || total
-------------------------+-------+-------++-------
Melee: Dagger            |     4 |    23 ||    27
       Bite              |       |     3 ||     3
Throw: Tomahawk          |     8 |       ||     8
       Throwing net      |       |     1 ||     1
 Cast: Pain              |    51 |    14 ||    65
       Regeneration      |     2 |     1 ||     3
       Vampiric Draining |       |     2 ||     2
       Animate Skeleton  |       |     1 ||     1
  Use: Scroll            |       |     3 ||     3
       Potion            |       |     3 ||     3
 Stab: Sleeping          |     1 |     2 ||     3
Armor: Robe              |     2 |     2 ||     4
Dodge: Dodged            |    14 |    20 ||    34
Block: Other             |       |     2 ||     2

Table legend:
 A = Spawn XP
 B = Non-spawn XP
 C = Spawn XP percentage of total XP
 D = Spawn monster count
 E = Non-spawn monster count
 F = Spawn count percentage of total count
 G = Total turns spent on level
                    A         B        C        D         E        F      G
               +---------+---------+-------+---------+---------+-------+---------
         Total |       0 |     148 |   0.0 |       0 |      43 |   0.0 |  1158
               +---------+---------+-------+---------+---------+-------+---------
           D:1 |       0 |      25 |   0.0 |       0 |      12 |   0.0 |   228
           D:2 |       0 |      23 |   0.0 |       0 |      14 |   0.0 |   314
           D:3 |       0 |      33 |   0.0 |       0 |      12 |   0.0 |   392
           D:4 |       0 |      67 |   0.0 |       0 |       5 |   0.0 |   185
               +---------+---------+-------+---------+---------+-------+---------

Table legend:
 A = Turns spent in this place as a percentage of turns spent in the entire game.
 B = Non-inter-level travel turns spent in this place as a percentage of non-inter-level travel turns spent in the entire game.
 C = Inter-level travel turns spent in this place as a percentage of turns spent in this place.
 D = Turns resting spent in this place as a percentage of non-inter-level travel turns spent in this place.
 E = Turns spent auto-exploring this place as a percentage of non-inter-level travel turns spent in this place.
 F = Non-inter-level travel turns spent in this place divided by the number of levels of this place that you've seen.
                   A       B       C       D       E      F
               +-------+-------+-------+-------+-------+----------------------
         Total | 100.0 | 100.0 |   2.2 |   0.0 |   0.0 | 188.8
       Dungeon | 100.0 | 100.0 |   2.2 |   0.0 |   0.0 | 188.8
               +-------+-------+-------+-------+-------+----------------------

Table legend:
 A = Kills in this place as a percentage of kills in entire the game.
 B = Kills by you in this place as a percentage of kills by you in the entire game.
 C = Kills by friends in this place as a percentage of kills by friends in the entire game.
 D = Other kills in this place as a percentage of other kills in the entire game.
 E = Experience gained in this place as a percentage of experience gained in the entire game.
 F = Experience gained in this place divided by the number of levels of this place that you have seen.
                   A       B       C       D       E      F
               +-------+-------+-------+-------+-------+----------------------
         Total | 100.0 | 100.0 |   N/A |   N/A | 100.0 |  24.7
       Dungeon | 100.0 | 100.0 |   N/A |   N/A | 100.0 |  24.7
               +-------+-------+-------+-------+-------+----------------------

Vault maps used:
D:1:      scummos_arrival_hexagon
D:2:      fedhas_altar_3, lemuel_round_altar, elyvilon_altar_3, uniq_natasha
D:3:      overflow_temple_1_default, first_ration, kennysheep_orc_chapel
D:4:      uniq_robin, uniq_duvessa
D:5:      uniq_eustachio
D:6:      lemuel_crystal_altar, basic_altar, trog_butcher_becter
